 Dungeon Crawl Stone Soup version 0.21-a0-591-g2314aa1 (webtiles) character file.

2059 Amnesiac the Chiller (level 9, -10/55 HPs)
             Began as a Deep Elf Ice Elementalist on Dec 22, 2017.
             Mangled by an orc warrior
             ... wielding a +0 dire flail
              (15 damage)
             ... on level 7 of the Dungeon.
             The game lasted 00:10:10 (5953 turns).

Amnesiac the Chiller (Deep Elf Ice Elementalist)    Turns: 5953, Time: 00:10:11

Health: -10/55     AC:  3    Str:  5    XL:     9   Next: 5%
Magic:  14/21      EV: 15    Int: 24    God:
Gold:   237        SH:  0    Dex: 15    Spells: 9/21 levels left

rFire    . . .     SeeInvis .   p - +1 flail (protect)
rCold    + . .     Gourm    .   (no shield)
rNeg     . . .     Faith    .   a - +0 robe
rPois    .         Spirit   .   w - +0 helmet
rElec    .         Reflect  .   (no cloak)
rCorr    .         Harm     .   (no gloves)
MR       .....                  (no boots)
Stlth    ++........             (no amulet)
HPRegen  0.18/turn              z - ring of protection from cold
MPRegen  0.17/turn              (no ring)

@: no status effects
A: no striking features
a: no special abilities


You were on level 7 of the Dungeon.
You were not hungry.

You visited 1 branch of the dungeon, and saw 7 of its levels.

You collected 237 gold pieces.

Inventory:

Hand Weapons
 p - a +1 flail of protection (weapon)
Missiles
 l - 20 poisoned needles
 o - a throwing net (quivered)
Armour
 a - a +0 robe (worn)
 w - a +0 helmet (worn)
Jewellery
 z - a ring of protection from cold (left hand)
 G - an uncursed amulet of guardian spirit {unknown}
 J - a +3 ring of evasion {unknown}
Wands
 x - a wand of iceblast (15)
 H - a wand of random effects (21)
Scrolls
 e - 6 scrolls of remove curse {!r, unknown}
 f - 2 scrolls of blinking {!r, unknown}
 g - a scroll of fog {!r, unknown}
 m - 2 scrolls of teleportation {!r, unknown}
 n - 2 scrolls of magic mapping {!r, unknown}
 q - 2 scrolls of enchant armour {!r, unknown}
 r - 3 scrolls of random uselessness {!r, unknown}
 u - 2 scrolls of immolation {!r, unknown}
 v - a scroll of amnesia {!r}
 y - 3 scrolls of identify {!r}
 E - a scroll of fear {!r, unknown}
 F - 2 scrolls of noise {!r, unknown}
 I - a scroll of vulnerability {!r, unknown}
 L - a scroll of holy word {!r, unknown}
Potions
 d - a potion of haste {!q}
 h - 2 potions of cancellation {!q}
 i - 2 potions of invisibility {!q}
 j - 2 potions of lignification {!q, unknown}
 k - 4 potions of curing {!q}
 s - a potion of flight {!q}
 t - a potion of magic {!q}
 A - a potion of mutation {!q, unknown}
 B - 3 potions of agility {!q, unknown}
 C - a potion of berserk rage {!q, unknown}
Books
 b - a book of Frost

   Spells                             Type                      Level
   a - Freeze                         Ice                          1
   b - Throw Frost                    Conjuration/Ice              2
   c - Ozocubu's Armour               Charms/Ice                   3
   d - Throw Icicle                   Conjuration/Ice              4
   e - Summon Ice Beast               Ice/Summoning                4
 D - a book of Maledictions

   Spells                             Type                      Level
   a - Corona                         Hexes                        1
   b - Ensorcelled Hibernation        Hexes/Ice                    2
   c - Confuse                        Hexes                        3
   d - Tukima's Dance                 Hexes                        3
   e - Dazzling Spray                 Conjuration/Hexes            3
Comestibles
 c - 12 rations


   Skills:
 - Level 6.0 Fighting
 + Level 5.8 Dodging
 - Level 3.0 Stealth
 - Level 6.7 Spellcasting
 - Level 1.1 Conjurations
 - Level 7.9 Ice Magic


You had 9 spell levels left.
You knew the following spells:

 Your Spells              Type           Power        Failure   Level  Hunger
a - Freeze                Ice            ####         1%          1    None
b - Ozocubu's Armour      Chrm/Ice       ####....     4%          3    None
c - Summon Ice Beast      Ice/Summ       ####....     14%         4    ###....
d - Throw Icicle          Conj/Ice       ####....     11%         4    ###....


Dungeon Overview and Level Annotations

Branches:
Dungeon (7/15)
 Temple: D:4-7

Altars:
Wu Jian


Message History

The bullfrog skeleton is almost destroyed.
The bullfrog skeleton hits you but does no damage. x2
You sock the bullfrog skeleton!
You destroy the bullfrog skeleton!
The orc warrior throws a stone.
The stone completely misses you.
A sky beast appears from thin air!
Reactivating autopickup.
The orc warrior throws a stone.
The stone closely misses you.
The sky beast flickers out of sight!
Deactivating autopickup; reactivate with Ctrl-A.
The orc warrior hits you with a dire flail.
Casting: Freeze
Confirm with . or Enter, or press ? or * to list all spells.
Aiming: Freeze
Press: ? - help, Shift-Dir - straight line, f - orc warrior
Aim: an orc warrior, wielding a dire flail and wearing a plate armour You freeze the orc warrior.
The orc warrior is lightly wounded.
Your icy armour starts to melt.
The orc warrior barely misses you.
Casting: Freeze
Confirm with . or Enter, or press ? or * to list all spells.
Aiming: Freeze
Press: ? - help, Shift-Dir - straight line, f/p - orc warrior
Aim: an orc warrior, wielding a dire flail and wearing a plate armour (lightly wounded)
You freeze the orc warrior.
The orc warrior is moderately wounded.
The orc warrior hits you with a dire flail!
Casting: Freeze
Confirm with . or Enter, or press ? or * to list all spells.
Aiming: Freeze
Press: ? - help, Shift-Dir - straight line, f/p - orc warrior
Aim: an orc warrior, wielding a dire flail and wearing a plate armour (moderately wounded)
You freeze the orc warrior.
The orc warrior is heavily wounded.
Casting: Freeze
Confirm with . or Enter, or press ? or * to list all spells.
Aiming: Freeze
Press: ? - help, Shift-Dir - straight line, f/p - orc warrior
Aim: an orc warrior, wielding a dire flail and wearing a plate armour (heavily wounded)
You freeze the orc warrior.
The orc warrior is heavily wounded.
The orc warrior hits you with a dire flail!
A sky beast appears from thin air!
Reactivating autopickup.
Casting: Freeze
Confirm with . or Enter, or press ? or * to list all spells.
Aiming: Freeze
Press: ? - help, Shift-Dir - straight line, f/p - orc warrior
Aim: an orc warrior, wielding a dire flail and wearing a plate armour (heavily wounded)
You freeze the orc warrior.
The orc warrior is severely wounded.
The orc warrior hits you with a dire flail!!
* * * LOW HITPOINT WARNING * * *
Casting: Freeze
Confirm with . or Enter, or press ? or * to list all spells.
Aiming: Freeze
Press: ? - help, Shift-Dir - straight line, f/p - orc warrior
Aim: an orc warrior, wielding a dire flail and wearing a plate armour (severely wounded)
You freeze the orc warrior.
The orc warrior is almost dead.
Your icy armour evaporates.
The orc warrior hits you with a dire flail!
You die...

# .## ...
#.#### ....#
#..# #.<#
#..######
#.Yoo@.(#
#......Oo###.#
##.....#.# ...
###.###.# ..##
#. ... ..# #.
o##. #.# # oo
.# .# #. # .#


You could see an orc warrior, a sky beast, an ogre and 2 orcs.

Vanquished Creatures
  A black bear (D:7)
  The ghost of TBriggs11TB the Skirmisher, an amateur MiAK of Lugonu (D:3)
  3 ogres
  2 centaurs (D:5)
  2 bullfrogs (D:6)
  A water moccasin skeleton (D:6)
  2 scorpions
  3 crimson imps
  2 bullfrog zombies
  A jelly (D:6)
  3 hounds
  An orc priest (D:3)
  2 centaur skeletons
  A bullfrog skeleton (D:7)
  Terence (D:2)
  3 iguanas
  Ijyb (D:3)
  4 orc wizards
  8 worker ants
  3 hound zombies (D:5)
  2 hound skeletons
  A howler monkey zombie (D:5)
  3 worker ant zombies (D:5)
  3 gnolls (D:3)
  5 adders
  2 oozes
  An adder zombie (D:5)
  3 worms (D:3)
  A dart slug (D:1)
  2 leopard geckos
  14 orcs
  4 ball pythons
  6 giant cockroaches
  4 goblins
  6 hobgoblins
  15 jackals
  3 quokkas
  4 bats
  5 frilled lizards
  3 kobolds
  A leopard gecko skeleton (D:4)
  3 leopard gecko zombies
  4 rats
140 creatures vanquished.

Vanquished Creatures (collateral kills)
  An orc warrior (D:2)
  2 orcs (D:2)
3 creatures vanquished.

Grand Total: 143 creatures vanquished

Notes
Turn   | Place    | Note
-------+----------+-------------------------------------------
     0 | D:1      | Amnesiac the Deep Elf Ice Elementalist began the quest for the Orb.
     0 | D:1      | Reached XP level 1. HP: 10/10 MP: 6/6
   237 | D:1      | Reached XP level 2. HP: 15/15 MP: 2/8
   512 | D:1      | Reached skill level 4 in Ice Magic
   574 | D:2      | Noticed Terence
   805 | D:2      | Noticed an orc warrior
   830 | D:2      | Reached XP level 3. HP: 14/19 MP: 5/10
   853 | D:2      | Killed Terence
   853 | D:2      | Reached XP level 4. HP: 11/24 MP: 0/12
   861 | D:2      | Learned a level 3 spell: Ozocubu's Armour
   866 | D:2      | Learned a level 4 spell: Summon Ice Beast
  1298 | D:3      | Reached skill level 5 in Ice Magic
  1653 | D:3      | Reached XP level 5. HP: 16/28 MP: 5/14
  1659 | D:3      | Learned a level 4 spell: Throw Icicle
  1887 | D:3      | Reached skill level 5 in Spellcasting
  1950 | D:3      | Noticed TBriggs11TB's ghost (amateur MiAK)
  1973 | D:3      | Killed TBriggs11TB's ghost
  1973 | D:3      | Reached skill level 6 in Ice Magic
  1973 | D:3      | Reached XP level 6. HP: 23/32 MP: 6/16
  2408 | D:3      | Noticed Ijyb
  2421 | D:3      | Killed Ijyb
  2689 | D:2      | Killed an orc warrior
  2689 | D:2      | Reached skill level 7 in Ice Magic
  2888 | D:4      | Reached XP level 7. HP: 19/36 MP: 7/18
  3752 | D:5      | Entered Level 5 of the Dungeon
  3761 | D:4      | Reached skill level 1 in Fighting
  4311 | D:5      | Reached XP level 8. HP: 39/46 MP: 14/20
  4953 | D:5      | Reached skill level 5 in Fighting
  5677 | D:6      | Found an ornate altar of the Wu Jian Council.
  5830 | D:6      | Reached skill level 5 in Dodging
  5925 | D:7      | Reached XP level 9. HP: 53/55 MP: 14/21
  5953 | D:7      | Mangled by an orc warrior

Vault maps used:
D:1:      dpeg_arrival_solitude
D:2:      uniq_terence
D:3:      minmay_box_of_dots, uniq_ijyb
D:5:      serial_undead, serial_undead_a, serial_undead_f, serial_undead_f,
          serial_undead_f, serial_undead_a, serial_undead_b, first_ration,
          corner_web_ring
D:6:      kennysheep_mini_moat
D:7:      minmay_temple_entry_statues_pillars

Skill      XL: |  1  2  3  4  5  6  7  8 |
---------------+-------------------------+-----
Ice Magic      | 4 5 6 7 |  7.9
Spellcasting   | 4 5 6 |  6.7
Stealth        | 3 |  3.0
Fighting       | 3 6 |  6.0
Dodging        | 5 |  5.8
Conjurations   | |  1.1

Action                   |  1- 3 |  4- 6 |  7- 9 || total
-------------------------+-------+-------+-------++-------
Melee: Unarmed           |     2 |       |       ||     2
       Flail             |       |   101 |   168 ||   269
 Cast: Freeze            |    42 |    54 |   125 ||   221
       Ozocubu's Armour  |       |    15 |    12 ||    27
       Throw Icicle      |       |     3 |     5 ||     8
       Summon Ice Beast  |       |     3 |       ||     3
  Use: Scroll            |       |     6 |       ||     6
       Potion            |       |     2 |       ||     2
 Stab: Sleeping          |       |     1 |     1 ||     2
  Eat: Chunk             |       |     8 |    10 ||    18
Armor: Robe              |     5 |    68 |   108 ||   181
Dodge: Dodged            |    28 |   129 |   234 ||   391

Table legend:
 A = Spawn XP
 B = Non-spawn XP
 C = Spawn XP percentage of total XP
 D = Spawn monster count
 E = Non-spawn monster count
 F = Spawn count percentage of total count
 G = Total turns spent on level
                    A         B        C        D         E        F      G
               +---------+---------+-------+---------+---------+-------+---------
         Total |       0 |    2942 |   0.0 |       0 |     143 |   0.0 |  5953
               +---------+---------+-------+---------+---------+-------+---------
           D:1 |       0 |      33 |   0.0 |       0 |      16 |   0.0 |   595
           D:2 |       0 |     194 |   0.0 |       0 |      21 |   0.0 |   811
           D:3 |       0 |     400 |   0.0 |       0 |      34 |   0.0 |  1357
           D:4 |       0 |     500 |   0.0 |       0 |      19 |   0.0 |  1275
           D:5 |       0 |     825 |   0.0 |       0 |      26 |   0.0 |  1013
           D:6 |       0 |     757 |   0.0 |       0 |      23 |   0.0 |   862
           D:7 |       0 |     233 |   0.0 |       0 |       4 |   0.0 |    40
               +---------+---------+-------+---------+---------+-------+---------
